 Dungeon Crawl Stone Soup version 0.21-a0-401-g0b6bec4 (webtiles) character file.

5679 Humpert the Protected (level 10, 0/66 HPs)
             Began as a Gargoyle Fighter on Oct 21, 2017.
             Slain by a troll (9 damage)
             ... on level 10 of the Dungeon.
             The game lasted 00:22:38 (8332 turns).

Humpert the Protected (Gargoyle Fighter)            Turns: 8332, Time: 00:22:39

Health: 0/66       AC: 17    Str: 29    XL:     10   Next: 75%
Magic:  10/10      EV:  9    Int:  8    God:
Gold:   223        SH: 12    Dex: 10    Spells: 9/9 levels left

rFire    . . .     SeeInvis .   a - +0 flail
rCold    . . .     Gourm    +   c - +0 shield
rNeg     + . .     Faith    .   b - +0 scale mail
rPois    ∞         Spirit   .   (no helmet)
rElec    +         Reflect  .   (no cloak)
rCorr    .         Harm     .   h - +0 pair of gloves
MR       .....                  (no boots)
Stlth    ..........             v - amulet of the gourmand
HPRegen  0.21/turn              y - +6 ring of strength
MPRegen  0.12/turn              (no ring)

@: no status effects
A: negative energy resistance 1, electricity resistance, unbreathing,
petrification resistance, rot immunity, AC +7
a: no special abilities


You were on level 10 of the Dungeon.
You were not hungry.

You visited 2 branches of the dungeon, and saw 11 of its levels.

You collected 387 gold pieces.
You spent 164 gold pieces at shops.

Inventory:

Hand Weapons
 a - a +0 flail (weapon)
 A - the +5 whip "Loxzoudo" {slash, Str+7}
   (You found it on level 8 of the Dungeon)

   It inflicts extra damage upon your enemies.
   It affects your strength (+7).
Armour
 b - a +0 scale mail (worn)
 c - a +0 shield (worn)
 h - a +0 pair of gloves (worn)
Jewellery
 v - an amulet of the gourmand (around neck)
 y - a +6 ring of strength (left hand)
Wands
 d - a wand of iceblast (5/15)
 u - a wand of flame (21/48)
 x - a wand of confusion (36/48)
Scrolls
 e - 3 scrolls of identify
 j - a scroll of brand weapon {unknown}
 k - 3 scrolls of remove curse
 l - 3 scrolls of fog
 o - 2 scrolls of teleportation
 s - 5 scrolls of immolation {unknown}
 B - 3 scrolls of fear
Potions
 n - 2 potions of agility
 p - 2 potions of cancellation {unknown}
 q - 2 potions of brilliance {unknown}
 r - 3 potions of flight
 t - a potion of magic {unknown}
 w - 2 potions of ambrosia {unknown}
 z - a potion of haste {unknown}
 C - a potion of mutation {unknown}
 D - a potion of might
 E - a potion of curing {unknown}
Comestibles
 f - 6 bread rations
 g - 7 royal jellies
 i - 5 meat rations


   Skills:
 + Level 9.2 Fighting
 + Level 8.2 Maces & Flails
 + Level 9.3 Armour
 + Level 9.2 Shields


You had 9 spell levels left.
You didn't know any spells.

Dungeon Overview and Level Annotations

Branches:
Dungeon (10/15)            Temple (1/1) D:7            Lair (0/6) D:8
    Orc: D:9-12

Altars:
Ashenzari
Cheibriados
Dithmenos
Elyvilon
Fedhas
Gozag
Hepliaklqana
Kikubaaqudgha
Makhleb
Nemelex Xobeh
Okawaru
Qazlal
Ru
Sif Muna
Trog
Uskayaw
Vehumet
Wu Jian
Xom
Yredelemnul
Zin
The Shining One
Lugonu

Shops:
D:4 *   D:5 *[[(

Annotations:
D:3 Hasart's ghost, amateur OgGl


Innate Abilities, Weirdness & Mutations

You are resistant to torment.
Your stone body is resilient. (AC +7)
You are immune to poison.
You resist negative energy. (rN+)
You are resistant to electric shocks. (rElec)
You can survive without breathing.
You are immune to petrification.
You are immune to rotting.


Message History

You hit the troll.
The troll is lightly wounded.
You block the troll's attack. x2; The troll completely misses you.
You hit the troll.
The troll is lightly wounded.
You block the troll's attack. The troll claws you but does no damage.
The troll claws you.
You closely miss the troll.
The troll is lightly wounded.
You block the troll's attack. x3
You hit the troll.
The troll is lightly wounded.
The troll bites you.
* * * LOW HITPOINT WARNING * * *
The troll claws you but does no damage. The troll claws you!
* * * LOW HITPOINT WARNING * * *
You barely miss the troll.
The troll is lightly wounded.
The troll bites you!
You die...

#..####....###......#.#
... #...## #.#.#.##.#
## #..## #.###.##.#
#.## #.###.##.# ...
#..(.....# #...
########.#### #. ...#
#.# #####.####.#
#..[....@T[#
#T..###.###### .....
#.# ##.. ..# #. #### #


You could see a troll.

Vanquished Creatures
  A wolf spider zombie (D:9)
  A komodo dragon (D:8)
  The ghost of p0werm0de the Skirmisher, an amateur DsSk of Ru (D:4)
  A wyvern (D:9)
  5 yaks
  A human (D:8)
  A hungry ghost (D:9)
  3 hogs (D:8)
  A water moccasin (D:9)
  3 ice beasts
  3 orc warriors
  A sky beast (D:6)
  A necrophage (D:9)
  3 centaurs
  A phantom (D:7)
  3 ogres
  2 big kobolds
  2 bullfrogs (D:9)
  2 scorpions
  A water moccasin skeleton (D:7)
  9 howler monkeys
  3 crimson imps
  A bullfrog zombie (D:5)
  A centaur zombie (D:6)
  2 jellies
  2 orc priests
  A centaur skeleton (D:8)
  2 hounds
  2 bullfrog skeletons
  3 iguanas
  10 worker ants
  4 orc wizards
  A killer bee zombie (D:8)
  A hound skeleton (D:4)
  A howler monkey zombie (D:5)
  6 gnolls
  A worker ant zombie (D:5)
  10 adders
  3 adder skeletons
  A worm (D:3)
  A dart slug (D:1)
  3 leopard geckos
  19 orcs
  A ball python (D:4)
  3 giant cockroaches
  3 goblins
  8 hobgoblins
  5 jackals
  5 quokkas
  6 bats
  3 frilled lizards
  18 kobolds
  A quokka skeleton (D:6)
  5 rats
  A plant (D:8)
183 creatures vanquished.

Vanquished Creatures (others)
  3 plants (D:8)
3 creatures vanquished.

Grand Total: 186 creatures vanquished

Notes
Turn   | Place    | Note
-------+----------+-------------------------------------------
     0 | D:1      | Humpert the Gargoyle Fighter began the quest for the Orb.
     0 | D:1      | Reached XP level 1. HP: 14/14 MP: 1/1
   435 | D:1      | Reached XP level 2. HP: 17/19 MP: 2/2
  1010 | D:2      | Reached XP level 3. HP: 24/24 MP: 3/3
  1253 | D:2      | Reached XP level 4. HP: 29/29 MP: 4/4
  1270 | D:2      | Found a snail-covered altar of Cheibriados.
  1277 | D:2      | Found a shattered altar of Ashenzari.
  1450 | D:2      | Found a glowing golden altar of the Shining One.
  1585 | D:2      | Found an opulent altar of Gozag.
  2110 | D:3      | Noticed Hasart's ghost (amateur OgGl)
  2207 | D:2      | Reached XP level 5. HP: 26/33 MP: 5/5
  2445 | D:3      | Found an ornate altar of the Wu Jian Council.
  2772 | D:4      | Reached XP level 6. HP: 37/39 MP: 6/6
  2791 | D:4      | Noticed p0werm0de's ghost (amateur DsSk)
  2806 | D:4      | Killed p0werm0de's ghost
  2806 | D:4      | Reached skill level 5 in Fighting
  2806 | D:4      | Reached skill level 5 in Armour
  2806 | D:4      | Reached skill level 5 in Shields
  2806 | D:4      | Reached XP level 7. HP: 36/44 MP: 7/7
  3244 | D:4      | Found Xichaub's General Store.
  3247 | D:4      | Bought a potion of flight for 33 gold pieces
  3378 | D:5      | Entered Level 5 of the Dungeon
  3458 | D:5      | Found a burning altar of Makhleb.
  3491 | D:5      | Found Zikh's Antique Armour Shop.
  3499 | D:5      | Bought a pair of gloves for 81 gold pieces
  3514 | D:5      | Found Ruderum's Antique Weapon Emporium.
  3583 | D:5      | Found a shimmering altar of Xom.
  3824 | D:5      | Found Qucoku's Armour Shoppe.
  3844 | D:5      | Reached XP level 8. HP: 51/51 MP: 8/8
  4021 | D:5      | Found a bloodstained altar of Trog.
  4021 | D:5      | Found a hazy altar of Hepliaklqana.
  4022 | D:5      | Found a hide-covered altar of Uskayaw.
  4048 | D:5      | Found Zonown's Assorted Antiques.
  4051 | D:5      | Bought a scroll labeled QUGEN KERPHUZEB for 25 gold pieces
  4051 | D:5      | Bought a scroll labeled NIAMNI AFFAINE for 25 gold pieces
  4139 | D:5      | Reached skill level 5 in Maces & Flails
  4905 | D:6      | Reached XP level 9. HP: 47/56 MP: 9/9
  5501 | D:7      | Found a staircase to the Ecumenical Temple.
  5536 | Temple   | Entered the Ecumenical Temple
  6284 | D:8      | Found a radiant altar of Vehumet.
  6305 | D:8      | Found a sparkling altar of Nemelex Xobeh.
  6345 | D:8      | Got a fine whip
  6346 | D:8      | Identified the +5 whip "Loxzoudo" {slash, Str+7} (You found it on level 8 of the Dungeon)
  6645 | D:8      | Found a sacrificial altar of Ru.
  6779 | D:8      | Found an ancient bone altar of Kikubaaqudgha.
  6875 | D:8      | Found a staircase to the Lair.
  6876 | D:8      | Noticed a komodo dragon
  6894 | D:8      | Reached XP level 10. HP: 64/64 MP: 10/10
  7338 | D:9      | Found a shadowy altar of Dithmenos.
  7994 | D:10     | Entered Level 10 of the Dungeon
  8320 | D:10     | Noticed a deep troll
  8332 | D:10     | Slain by a troll

Vault maps used:
D:1:      minmay_arrival_split_and_join
D:2:      lemuel_doored_altar, overflow_temple_1_default, tso_altar,
          first_bread, cheibriados_altar_1
D:3:      lemuel_coloured_pillars_altar
D:4:      serial_shops, nicolae_shop_behind_doors
D:5:      bloody_makhleb, gammafunk_temple_overflow_forgotten, serial_shops,
          shop_fountains, nicolae_shop_behind_doors, shop_fountains, shop,
          basic_altar, kennysheep_big_empty_room, kennysheep_decorative_pillar,
          hex_intersection
D:6:      grunt_ministairs_10, minmay_misc_feat_room
D:7:      temple_pool_b
D:8:      kennysheep_mini, lemuel_round_altar, lemuel_crystal_altar,
          kiku_gazebo_pond_becter, david_lair_shrubbed, grunt_livestock
D:9:      grunt_dithmenos_smoke
D:10:     special_room, minivault_20, minivault_20, minivault_5,
          grunt_ministairs_6
Temple:   kb_corrupted_temple

Skill      XL: |  1  2  3  4  5  6  7  8  9 10 |
---------------+-------------------------------+-----
Fighting       | 4 5 6 8 9 |  9.2
Armour         | 4 5 6 8 9 |  9.3
Shields        | 4 5 6 8 9 |  9.2
Maces & Flails | 3 4 5 7 8 |  8.2

Action                   |  1- 3 |  4- 6 |  7- 9 | 10-12 || total
-------------------------+-------+-------+-------+-------++-------
Melee: Flail             |   125 |   177 |   493 |   249 ||  1044
Evoke: Wand              |       |       |     6 |       ||     6
  Use: Potion            |       |     1 |       |     1 ||     2
       Scroll            |       |       |    15 |     1 ||    16
 Stab: Confused          |       |       |     1 |       ||     1
  Eat: Chunk             |     1 |     6 |    12 |    11 ||    30
       Fruit             |       |       |     1 |       ||     1
Armor: Scale mail        |    74 |    87 |   244 |    84 ||   489
Dodge: Dodged            |    53 |    64 |   120 |    60 ||   297
Block: Shield            |    77 |    97 |   292 |   151 ||   617

Table legend:
 A = Spawn XP
 B = Non-spawn XP
 C = Spawn XP percentage of total XP
 D = Spawn monster count
 E = Non-spawn monster count
 F = Spawn count percentage of total count
 G = Total turns spent on level
                    A         B        C        D         E        F      G
               +---------+---------+-------+---------+---------+-------+---------
         Total |       0 |    8113 |   0.0 |       0 |     182 |   0.0 |  8332
               +---------+---------+-------+---------+---------+-------+---------
           D:1 |       0 |      27 |   0.0 |       0 |      15 |   0.0 |  1007
           D:2 |       0 |     146 |   0.0 |       0 |      17 |   0.0 |   982
           D:3 |       0 |      54 |   0.0 |       0 |      22 |   0.0 |   719
           D:4 |       0 |     571 |   0.0 |       0 |      17 |   0.0 |   681
           D:5 |       0 |    1087 |   0.0 |       0 |      26 |   0.0 |  1242
           D:6 |       0 |     851 |   0.0 |       0 |      20 |   0.0 |   742
           D:7 |       0 |     728 |   0.0 |       0 |      17 |   0.0 |   694
           D:8 |       0 |    1624 |   0.0 |       0 |      20 |   0.0 |   978
           D:9 |       0 |    2694 |   0.0 |       0 |      19 |   0.0 |   898
          D:10 |       0 |     331 |   0.0 |       0 |       9 |   0.0 |   236
               +---------+---------+-------+---------+---------+-------+---------
